 Dungeon Crawl Stone Soup version 0.32-a0-799-g95e1662365 (webtiles) character file.

Game seed: 2509844314710324067

6531 cforsyth the Arsonist (level 10, -1/90 HPs)
             Began as a Mountain Dwarf Cinder Acolyte on Mar 22, 2024.
             Was a High Priest of Ignis.
             Slain by a three-headed hydra (10 damage)
             ... on level 9 of the Dungeon.
             The game lasted 00:19:39 (16372 turns).

cforsyth the Arsonist (MDCA)                       Turns: 16372, Time: 00:19:40

Health: -1/90      AC: 10    Str: 22    XL:     10   Next: 69%
Magic:  18/19      EV:  7    Int: 14    God:    Ignis [*****.]
Gold:   27         SH:  0    Dex:  5    Spells: 19/21 levels left

rFire   + + .        a - -1 hand axe (flame)
rCold   . . .        (no shield)
rNeg    . . .        t - +0 chain mail
rPois   .            (no helmet)
rElec   .            (no cloak)
rCorr   .            (no gloves)
SInv    .            (no boots)
Will    +....        (no amulet) Stlth
                     F - ring of protection from fire
HPRegen 0.35/turn    (no ring)
MPRegen 0.16/turn

%: no passive effects
@: studying Necromancy
A: runic magic, artefact enchanting
a: Renounce Religion, Fiery Armour, Foxfire Swarm, Rising Flame


You were on level 9 of the Dungeon.
You worshipped Ignis.
Ignis was extremely pleased with you.
You visited 1 branch of the dungeon, and saw 9 of its levels.

You collected 365 gold pieces.
You spent 338 gold pieces at shops.


Innate Abilities, Weirdness & Mutations

Your spellcasting is much less encumbered by armour.
You can use scrolls of enchantment on lesser artefacts.


   Skills:
 + Level 8.7 Fighting
 + Level 9.5 Axes
 + Level 7.9 Armour
 + Level 6.2 Spellcasting
 + Level 9.5 Fire Magic


You had 19 spell levels left.
You knew the following spells:

 Your Spells              Type           Power      Damage    Failure   Level
X - Scorch                Fire           62%        2d7       1%          2

Your spell library contained the following spells:

 Spells                   Type           Power      Damage    Failure   Level
 Apportation              Tloc           8%         N/A       24%         1
 Necrotise                Necr           16%        1d4       24%         1
 Sting                    Conj/Alch      16%        1d4       24%         1
 Summon Small Mammal      Summ           16%        N/A       24%         1
 Blink                    Tloc           8%         N/A       34%         2
 Lesser Beckoning         Tloc           8%         N/A       34%         2
 Momentum Strike          Conj/Tloc      8%         3d8       34%         2
 Hailstorm                Conj/Ice       4%         3d5       56%         3
 Summon Ice Beast         Ice/Summ       4%         N/A       56%         3
 Vampiric Draining        Necr           4%         2d6       56%         3
 Martyr's Knell           Necr/Summ      4%         N/A       93%         4
 Curse of Agony           Necr           4%         N/A       100%        5
 Summon Forest            Summ/Tloc      2%         N/A       100%        5
 Summon Mana Viper        Hex/Summ       4%         N/A       100%        5
 Permafrost Eruption      Ice/Erth       2%         2x4d2     100%        6
 Sculpt Simulacrum        Ice/Alch       2%         N/A       100%        6
 Summon Cactus Giant      Summ           2%         N/A       100%        6

Inventory:

Hand Weapons
 a - a -1 hand axe of flaming (weapon)
 E - a +2 hand axe of draining
 H - a +2 vampiric war axe
Missiles
 D - a throwing net {=f}
Armour
 b - a +0 robe
 s - a +0 helmet
 t - a +0 chain mail (worn)
Magical Staves
 k - a staff of death {!a}
Jewellery
 F - a ring of protection from fire (left hand)
Wands
 w - a wand of flame (20)
 y - a wand of charming (13)
 z - a wand of roots (11)
 C - a wand of digging (7)
Scrolls
 d - a scroll of poison {unknown}
 g - a scroll of blinking {unknown}
 i - 7 scrolls of identify {unknown}
 j - 3 scrolls of fog {unknown}
 l - 3 scrolls of fear
 n - 4 scrolls of teleportation {@r2}
 o - 2 scrolls of acquirement {unknown}
 p - a scroll of butterflies {unknown}
 q - 4 scrolls of enchant weapon {unknown}
 r - 2 scrolls of immolation {unknown}
 v - 4 scrolls of noise {unknown}
 x - a scroll of enchant armour {unknown}
 G - a scroll of brand weapon
Potions
 c - 5 potions of curing {@q1}
 e - 6 potions of might {unknown}
 f - 6 potions of haste {@q3}
 h - 2 potions of attraction {unknown}
 m - a potion of degeneration {unknown}
 u - 3 potions of brilliance {unknown}
 A - 2 potions of cancellation {unknown}
 B - a potion of heal wounds {unknown}

Dungeon Overview and Level Annotations

Branches:
Dungeon (9/15)             Temple (0/1) D:5
   Lair: D:8-11         Orc: D:9-12

Altars:
Dithmenos
Fedhas
Makhleb
Ru
Trog
Vehumet
Wu Jian
Yredelemnul
Zin

Shops:
D:2 *   D:3 *!(=   D:5 *! D:6

(=[ #.# #.# #.. ...
... #.# #.# #.## #.
#.# #..#
#..###.####).#
#.......)....##
#####..##)D$..#####
#..##.@........
#..##.).......#
###.....[...###.#
#...####..#.# .
#...........#
#...####[#### ##..#
#.# #..# #.#
#..####.######.


You could see a three-headed hydra (rooted).


Message History

Okay, then.
There's nothing to close nearby.
Aiming: Fastroot
Press: ? - help, Shift-Dir - straight line The roots erupt in riotous growth!
Roots grab the four-headed hydra.
The grasping roots constrict the four-headed hydra!
The four-headed hydra barely misses you.
The four-headed hydra bites you but does no damage. x2
The four-headed hydra barely misses you.
Unknown command.
Unknown command.
Unknown command.
You chop one of the four-headed hydra's heads off!
The flame cauterises the wound!
You hit the three-headed hydra. You burn the three-headed hydra.
The three-headed hydra is severely wounded.
The grasping roots constrict the three-headed hydra.
The three-headed hydra bites you.
* * * LOW HITPOINT WARNING * * *
The three-headed hydra bites you but does no damage.
The three-headed hydra bites you.
* * * LOW HITPOINT WARNING * * *
Unknown command.
You hit the three-headed hydra but do no damage.
The three-headed hydra is severely wounded.
The grasping roots constrict the three-headed hydra.
The three-headed hydra bites you!
You die...
Ignis goes out, and joins you in death.

Skill      XL: |  1  2  3  4  5  6  7  8  9 10 |
---------------+-------------------------------+-----
Armour         | 1 2 3 4 5 6 7 |  7.9
Axes           | 4 5 6 7 8 9 |  9.5
Fire Magic     | 4 5 6 7 8 9 |  9.5
Fighting       | 4 5 6 7 8 |  8.7
Spellcasting   | 2 3 4 5 6 |  6.2

Action                     |  1- 3 |  4- 6 |  7- 9 | 10-12 || total
---------------------------+-------+-------+-------+-------++-------
  Melee: Hand axe          |   129 |    45 |    67 |    28 ||   269
         War axe           |       |       |       |    16 ||    16
   Cast: Scorch            |    15 |    95 |   177 |   131 ||   418
  Evoke: Wand              |       |       |       |     9 ||     9
 Armour: Robe              |    88 |    39 |       |       ||   127
         Chain mail        |       |    31 |   125 |   166 ||   322
  Dodge: Dodged            |    82 |    48 |    61 |    76 ||   267

Levels and vault maps discovered:
D:1:      lemuel_arrival_broad_hall, layout_basic, chequers_decorated_corner
D:2:      layout_basic, serial_shops, nicolae_shop_waterfront
D:3:      layout_basic, serial_shops, nicolae_shop_just_a_little_nook,
          nicolae_diamond_shop, shop, shop
D:4:      layout_basic, uniq_duvessa
D:5:      layout_loops_ring, mainiacjoe_overflow_24_doors,
          gammafunk_temple_overflow_wave, mainiacjoe_overflow_alcove_3,
          temple_doors_e, serial_shops, nicolae_lakefront_shop,
          guppyfry_shop_venom, uniq_blork_the_orc, uniq_prince_ribbit1
D:6:      layout_cave_pods, minmay_misc_feat_five, nrook_campfire, st_stairs_13,
          nicolae_shop_distant_corner_stores, corexii_leaking_fountain,
          minmay_manual_mess
D:7:      layout_rooms, grunt_temple_overflow_order_and_chaos_2,
          kennysheep_cross_room, minmay_diced_spiral
D:8:      layout_basic
D:9:      minmay_diamond_stairs, layout_loops_ring, serial_shops,
          nicolae_lakefront_shop, minmay_shop_mayhem, lightli_corner_chamber

Notes
Turn   | Place    | Note
-------+----------+-------------------------------------------
     0 | D:1      | cforsyth the Mountain Dwarf Cinder Acolyte began the quest
                  | for the Orb.
     0 | D:1      | Reached XP level 1. HP: 19/19 MP: 2/2
   109 | D:1      | Reached XP level 2. HP: 5/26 MP: 3/3
   423 | D:1      | Reached skill level 1 in Armour
   544 | D:1      | Reached XP level 3. HP: 30/31 MP: 5/5
   552 | D:1      | Reached skill level 4 in Axes
   552 | D:1      | Reached skill level 4 in Fire Magic
   555 | D:1      | Learned a level 2 spell: Scorch
  1375 | D:2      | Reached XP level 4. HP: 40/40 MP: 1/6
  1652 | D:2      | Found Bopeeg Arimp's General Store.
  2193 | D:3      | Reached skill level 4 in Fighting
  2333 | D:3      | Found Apufer's Jewellery Shoppe.
  2442 | D:3      | Reached skill level 2 in Armour
  2442 | D:3      | Reached skill level 2 in Spellcasting
  2442 | D:3      | Reached XP level 5. HP: 38/46 MP: 0/8
  2928 | D:3      | Found Docloafi's Weapon Boutique.
  2931 | D:3      | Found Tyoth's Distillery.
  2954 | D:3      | Found Janeebija's General Store.
  3057 | D:3      | Bought a potion of curing for 36 gold pieces
  4090 | D:4      | Reached XP level 6. HP: 51/53 MP: 6/9
  4168 | D:4      | Reached skill level 5 in Axes
  4521 | D:4      | Found the +5 robe of Misfortune {Harm *Corrode *Slow EV+5}
  4561 | D:4      | Noticed Duvessa
  4561 | D:4      | Noticed Dowan
  4943 | D:4      | Reached skill level 5 in Fire Magic
  4993 | D:5      | Entered Level 5 of the Dungeon
  5100 | D:5      | Reached skill level 3 in Armour
  5396 | D:5      | Noticed Prince Ribbit
  5408 | D:5      | Killed Prince Ribbit
  5409 | D:5      | Reached skill level 5 in Fighting
  5409 | D:5      | Reached skill level 3 in Spellcasting
  5409 | D:5      | Reached XP level 7. HP: 58/61 MP: 2/11
  5575 | D:5      | Found a staircase to the Ecumenical Temple.
  5812 | D:5      | Found Jesmuhag's Serpentskin Sales.
  5933 | D:5      | Found a blossoming altar of Fedhas.
  5942 | D:5      | Reached skill level 6 in Axes
  6026 | D:5      | Reached skill level 6 in Fire Magic
  6192 | D:4      | Killed Duvessa
  6193 | D:4      | Reached skill level 4 in Armour
  6578 | D:4      | Killed Dowan
  6579 | D:4      | Reached XP level 8. HP: 59/69 MP: 4/13
  7507 | D:5      | Reached skill level 6 in Fighting
  7662 | D:5      | Noticed Blork the orc
  7676 | D:5      | Killed Blork the orc
  7764 | D:5      | Found Coskogao's Distillery.
  7773 | D:5      | Bought a potion of haste for 130 gold pieces
  7840 | D:5      | Found an ornate altar of the Wu Jian Council.
  7840 | D:5      | Found a sacrificial altar of Ru.
  7871 | D:5      | Found a shadowy altar of Dithmenos.
  7872 | D:5      | Found a radiant altar of Vehumet.
  7873 | D:5      | Found a basalt altar of Yredelemnul.
  7874 | D:5      | Found a bloodstained altar of Trog.
  7990 | D:6      | Reached skill level 4 in Spellcasting
  8139 | D:6      | Reached skill level 7 in Axes
  8139 | D:6      | Reached skill level 5 in Armour
  8272 | D:6      | Found Cudasu's Weapon Shop.
  8274 | D:6      | Found Ywkeoveb's Jewellery Shop.
  8276 | D:6      | Found Emueseli's Armour Shop.
  8358 | D:6      | Reached skill level 7 in Fire Magic
  8770 | D:6      | Noticed a troll
  8813 | D:5      | Killed a troll
  8814 | D:5      | Reached XP level 9. HP: 56/78 MP: 5/15
  9179 | D:6      | Reached skill level 7 in Fighting
  9367 | D:6      | Reached skill level 6 in Armour
 10048 | D:7      | Reached skill level 8 in Axes
 10103 | D:7      | Reached skill level 8 in Fire Magic
 10167 | D:7      | Found a burning altar of Makhleb.
 10169 | D:7      | Noticed an Executioner
 10170 | D:7      | Found a glowing silver altar of Zin.
 10171 | D:7      | Noticed an angel
 10282 | D:7      | Reached skill level 5 in Spellcasting
 11713 | D:8      | Reached XP level 10. HP: 84/86 MP: 9/18
 11916 | D:8      | Reached skill level 7 in Armour
 13131 | D:8      | Reached skill level 8 in Fighting
 13350 | D:8      | Reached skill level 9 in Axes
 13350 | D:8      | Reached skill level 9 in Fire Magic
 13646 | D:9      | Noticed a two-headed ogre
 13692 | D:9      | Noticed a seven-headed hydra
 13693 | D:9      | Killed a two-headed ogre
 14196 | D:3      | Bought a scroll of fear for 44 gold pieces
 14196 | D:3      | Bought a scroll of teleportation for 33 gold pieces
 14268 | D:2      | Bought a scroll of brand weapon for 95 gold pieces
 15060 | D:9      | Noticed a boulder beetle
 15063 | D:9      | Noticed a green ugly thing
 15203 | D:8      | Reached skill level 6 in Spellcasting
 16371 | D:9      | HP: 9/90 [three-headed hydra (3)]
 16372 | D:9      | Slain by a three-headed hydra

Vanquished Creatures
  A two-headed ogre (D:9)
  A troll (D:5)
  Prince Ribbit (D:5)
  A hornet (D:8)
  A blink frog (shapeshifter) (D:9)
  A slime creature (D:8)
  A wyvern (D:6)
  3 yaks (D:8)
  A basilisk (D:9)
  Duvessa (D:4)
  2 orc warriors
  A black bear (D:7)
  5 ice beasts
  2 sky beasts (D:7)
  3 ogres
  A centaur (D:7)
  2 phantoms
  Blork the orc (D:5)
  3 scorpions
  2 bullfrogs (D:6)
  2 gnoll sergeants
  4 wights (D:8)
  Dowan (D:4)
  15 killer bees
  An electric eel (D:7)
  3 jellies
  4 bombardier beetles
  6 hounds
  5 orc priests
  3 iguanas
  3 sleepcaps
  8 orc wizards
  12 gnolls
  12 adders
  A shadow imp (D:6)
  2 white imps
  2 ufetubi (D:3)
  2 dart slugs
  A ribbon worm (D:3)
  43 orcs
  6 ball pythons
  10 bats
  10 endoplasms
  5 giant cockroaches
  6 goblins
  2 hobgoblins
  8 jackals
  3 quokkas
  5 frilled lizards
  6 kobolds
  10 rats
235 creatures vanquished.

Table legend: (Time is in decaauts)
 A = Elapsed time spent in this place.
 B = Non-inter-level travel time spent in this place.
 C = Inter-level travel time spent in this place.
 D = Time resting spent in this place.
 E = Time spent auto-exploring this place.
 F = Levels seen in this place.
 G = Mean time per level.
                   A        B        C        D        E       F      G
               +--------+--------+--------+--------+--------+-----+--------+
         Total |  16414 |  14612 |   1802 |   2802 |   9826 |   9 | 1823.8 |
       Dungeon |  16414 |  14612 |   1802 |   2802 |   9826 |   9 | 1823.8 |
               +--------+--------+--------+--------+--------+-----+--------+

Top non-repeatable levels by time:
     D:8: 4095 daAuts
     D:4: 2585 daAuts
     D:5: 1849 daAuts
     D:6: 1733 daAuts
     D:3: 1568 daAuts
     D:2: 1299 daAuts
     D:7: 1223 daAuts
     D:1: 1078 daAuts
     D:9: 980 daAuts

Table legend:
 A = Non-vault XP
 B = Vault XP
 C = Vault XP percentage of total XP
 D = Non-vault monster count
 E = Vault monster count
 F = Vault count percentage of total count
                 A         B        C        D         E       F
            +---------+---------+-------+---------+---------+-------
      Total |    6772 |    2558 |  27.4 |     214 |      21 |   8.9
            +---------+---------+-------+---------+---------+-------
        D:1 |      65 |       0 |   0.0 |      31 |       0 |   0.0
        D:2 |      47 |       0 |   0.0 |      22 |       0 |   0.0
        D:3 |     180 |       0 |   0.0 |      23 |       0 |   0.0
        D:4 |     331 |     211 |  38.9 |      27 |       2 |   6.9
        D:5 |     763 |     691 |  47.5 |      22 |       6 |  21.4
        D:6 |     812 |     623 |  43.4 |      14 |       6 |  30.0
        D:7 |     884 |     293 |  24.9 |      18 |       3 |  14.3
        D:8 |    2221 |     245 |   9.9 |      35 |       1 |   2.8
        D:9 |    1469 |     495 |  25.2 |      22 |       3 |  12.0
            +---------+---------+-------+---------+---------+-------
